 Dungeon Crawl Stone Soup version 0.28-a0-381-g937acc2988 (webtiles) character file.

Game seed: 13026189922815411816

78 Shayle the Insei (level 4, -1/35 HPs)
             Began as a Djinni Warper on Sept 2, 2021.
             Slain by an orc priest (2 damage)
             ... on level 3 of the Dungeon.
             The game lasted 00:04:23 (2579 turns).

Shayle the Insei (Djinni Warper)                    Turns: 2579, Time: 00:04:25

Health: -1/35      AC:  4    Str: 10    XL:     4   Next: 61%
Gold:   103        EV: 11    Int: 16    God:
                   SH:  0    Dex: 12

rFire   + + .      SeeInvis .     - Unarmed
rCold   x . .      Faith    .   (no shield)
rNeg    . . .      Spirit   .   a - +1 leather armour
rPois   ∞          Reflect  .   (no helmet)
rElec   .          Harm     .   (no cloak)
rCorr   .          Rampage  .   (no gloves)
Will    .....                   (boots unavailable)
Stlth   +.........              (no amulet)
HPRegen 0.11/turn               (no ring)
MPRegen 0.00/turn               (no ring)

@: flying
A: sickness immunity, fire resistance 2, cold vulnerability 1, float, innate
caster, hp casting, extra vitality 1
a: no special abilities


You were on level 3 of the Dungeon.
You visited 1 branch of the dungeon, and saw 3 of its levels.

You collected 103 gold pieces.

Inventory:

Missiles
 c - 5 boomerangs of dispersal (quivered)
 g - 4 curare-tipped darts
Armour
 a - a +1 leather armour (worn)
Scrolls
 e - a scroll of fog {unknown}
 f - a scroll of identify
 h - a scroll of teleportation {unknown}
 i - a scroll of enchant weapon {unknown}
Potions
 d - a potion of haste {unknown}
 j - a potion of brilliance {unknown}


   Skills:
 + Level 3.0 Fighting
 - Level 0.7 Throwing
 - Level 1.0 Armour
 - Level 2.1 Dodging
 * Level 3.8 Unarmed Combat
 - Level 2.4 Spellcasting


You couldn't memorise any spells.
You knew the following spells:

 Your Spells              Type           Power      Damage    Failure   Level
a - Blink                 Tloc           N/A        N/A       16%         2
b - Lesser Beckoning      Tloc           9%         N/A       30%         3
c - Gell's Gravitas       Tloc           4%         N/A       30%         3
d - Teleport Other        Tloc           9%         N/A       30%         3
e - Manifold Assault      Tloc           9%         N/A       95%         5
f - Pain                  Necr           36%        1d5       10%         1
Your spell library was empty.

Dungeon Overview and Level Annotations

Branches:
Dungeon (3/15)

Altars:
Uskayaw


Innate Abilities, Weirdness & Mutations

You are immune to sickness and miasma.
You are immune to poison.
Your flesh is very heat resistant. (rF++)
You are vulnerable to cold. (rC-)
You float through the air rather than walking.
You learn spells naturally, not from books.
Your magical power is your life essence.
You have superior vitality. (+4 HP)


Message History

You kill the orc!
You barely miss the orc.
An orc priest comes into view. It is wielding a +0 hand axe.
The orc hits you with a +0 dagger.
Your magical contamination has completely faded away.
The orc priest shouts!
You hit the orc.
You kill the orc!
An endoplasm comes into view.
Found a scroll labelled GUT VYF AXT.
The orc priest looks encouraged for a moment.
You barely miss the orc priest.
The endoplasm quivers.
The orc priest calls down the wrath of Beogh upon you.
Beogh smites you!
You hit the orc priest.
The orc priest is lightly wounded.
The orc priest mumbles some strange prayers to Beogh against you.
Pain shoots through your body!
* * * LOW HITPOINT WARNING * * *
Unknown command.
It was a potion of curing.
You feel better. The endoplasm closely misses you.
The orc priest hits you but does no damage.
You hit the orc priest but do no damage.
The orc priest is lightly wounded.
The endoplasm freezes you.
You are frozen.
You feel a terrible chill!
* * * LOW HITPOINT WARNING * * *
The orc priest barely misses you.
You feel better. The endoplasm barely misses you.
The orc priest invokes the aid of Beogh against you.
Beogh smites you!
* * * LOW HITPOINT WARNING * * *
You hit the orc priest.
The orc priest is moderately wounded.
The endoplasm freezes you.
You are frozen.
* * * LOW HITPOINT WARNING * * *
The orc priest hits you with a +0 hand axe.
You die...

### #### ##.. ..######
######
####...#####.#.....
...... ?.......J@o....#
###### ####...#####...#
##.# #...# ##.######...#
########
#..o...#.#..####.......
#. #..)###..........##
.........#.....#..8..._
.#..##.......##.#......)
# #.#####.##.##[8....


You could see an orc priest and an endoplasm.

Vanquished Creatures
  4 adders (D:2)
  A dart slug (D:3)
  2 orcs (D:3)
  4 ball pythons (D:2)
  3 endoplasms
  2 giant cockroaches
  5 goblins
  3 hobgoblins
  2 kobolds (D:2)
  2 quokkas
  4 bats
  3 frilled lizards
  3 rats
38 creatures vanquished.

Notes
Turn   | Place    | Note
-------+----------+-------------------------------------------
     0 | D:1      | Shayle the Djinni Warper began the quest for the Orb.
     0 | D:1      | Reached XP level 1. HP: 18/18 MP: 0/0
   100 | D:1      | Reached XP level 2. HP: 3/23 MP: 0/0
   847 | D:2      | Reached XP level 3. HP: 24/29 MP: 0/0
   847 | D:2      | Learned a level 1 spell: Pain
  1578 | D:2      | Reached XP level 4. HP: 30/34 MP: 0/0
  2473 | D:3      | Found a hide-covered altar of Uskayaw.
  2579 | D:3      | HP: 1/35 [frozen (1)]
  2579 | D:3      | Slain by an orc priest

Illustrated notes

Levels and vault maps discovered:
D:1:      minmay_arrival_open_corners, layout_rooms, st_stairs_6,
          minmay_quantized
D:2:      layout_basic
D:3:      layout_loops_ring, mainiacjoe_overflow_large_starburst,
          eat_drink_and_be_merry_uskayaw,
          mainiacjoe_overflow_concentric_impassable,
          chequers_ecumenical_altar_island, chequers_serial_rivers_small_a

Skill      XL: |  1  2  3  4 |
---------------+-------------+-----
Unarmed Combat | 3 |  3.8
Fighting       | 3 |  3.0
Throwing       | |  0.7
Armour         | |  1.0
Dodging        | |  2.1
Spellcasting   | |  2.4

Action                   |  1- 3 |  4- 6 || total
-------------------------+-------+-------++-------
Melee: Unarmed           |   105 |    33 ||   138
 Cast: Pain              |     7 |    22 ||    29
  Use: Scroll            |     4 |       ||     4
       Potion            |       |     2 ||     2
Armor: Leather armour    |    51 |    10 ||    61
Dodge: Dodged            |    68 |    16 ||    84

Table legend: (Time is in decaauts)
 A = Elapsed time spent in this place.
 B = Non-inter-level travel time spent in this place.
 C = Inter-level travel time spent in this place.
 D = Time resting spent in this place.
 E = Time spent auto-exploring this place.
 F = Levels seen in this place.
 G = Mean time per level.
                   A        B        C        D        E       F      G
               +--------+--------+--------+--------+--------+-----+--------+
         Total |   2570 |   2530 |     40 |    616 |   1474 |   3 |  856.7 |
       Dungeon |   2570 |   2530 |     40 |    616 |   1474 |   3 |  856.7 |
               +--------+--------+--------+--------+--------+-----+--------+

Top non-repeatable levels by time:
     D:2: 1666 daAuts
     D:1: 619 daAuts
     D:3: 283 daAuts
